Philadelphia Phantoms vs Orlando Solar Bears
Created - Tuesday, March 28, 2023 at 07:28
Goals
|
| Philadelphia Phantoms |
0 |
1 |
4 |
0 |
5 |
| Orlando Solar Bears |
1 |
2 |
2 |
1 |
6 |
|
Shots
|
| Philadelphia Phantoms |
10 |
16 |
9 |
0 |
35 |
| Orlando Solar Bears |
6 |
8 |
21 |
1 |
36 |
|
1st period
1. Orlando Solar Bears , John Leonard 6 (Jason Dickinson 11, Jordan Martinook 9) at 0:47 (PP)
Penalties :
Jaret Anderson-Dolan (PHI) for Holding (Minor) at 0:36, Casey Fitzgerald (PHI) for Interference (Minor) at 1:55, Jarred Tinordi (OSB) for High sticking (Minor) at 6:46, Artemi Kniazev (OSB) for Hooking (Minor) at 10:20, Jarred Tinordi (OSB) for Holding (Minor) at 16:03
2nd period
2. Orlando Solar Bears , Alex Turcotte 4 (Victor Soderstrom 6, Emilio Pettersen 2) at 4:00
3. Philadelphia Phantoms , Brad Hunt 1 (Noah Juulsen 5) at 9:23
4. Orlando Solar Bears , Alex Turcotte 5 (Emilio Pettersen 3, Jamieson Rees 3) at 16:34
Penalties :
Jarred Tinordi (OSB) for Hooking (Minor) at 0:22, Artemi Kniazev (OSB) for Slashing (Minor) at 10:59, Jordan Martinook (OSB) for Fighting (Major) at 16:51, Nathan Bastian (PHI) for Fighting (Major) at 16:51, Jarred Tinordi (OSB) for Fighting (Major) at 16:59, Casey Fitzgerald (PHI) for Fighting (Major) at 16:59, Artemi Kniazev (OSB) for High sticking (Minor) at 18:35
3rd period
5. Philadelphia Phantoms , Erik Gustafsson 2 (Blake Lizotte 10) at 0:04 (PP)
6. Philadelphia Phantoms , Nick Cousins 10 (Blake Lizotte 11) at 1:33
7. Philadelphia Phantoms , Nathan Bastian 8 (Blake Lizotte 12, Nick Cousins 8) at 2:56 (PP)
8. Philadelphia Phantoms , Adam Ruzicka 3 (Jaret Anderson-Dolan 7, Brad Hunt 5) at 9:19 (PP)
9. Orlando Solar Bears , Philip Tomasino 3 (Jordan Martinook 10, Jarred Tinordi 7) at 10:26
10. Orlando Solar Bears , Jason Dickinson 9 (John Leonard 8) at 19:18
Penalties :
Artemi Kniazev (OSB) for Roughing (Minor) at 2:40, Jarred Tinordi (OSB) for Slashing (Minor) at 8:45, Adam Beckman (OSB) for Fighting (Major) at 10:48, Jaret Anderson-Dolan (PHI) for Fighting (Major) at 10:48, Jarred Tinordi (OSB) for Slashing (Minor) at 12:35
Overtime #1
11. Orlando Solar Bears , Jason Dickinson 10 (Morgan Frost 8) at 0:15
Penalties :
No Penalty
Goalie Stats
Connor Ingram (PHI), 30 saves from 36 shots - (0.833), OTL, 5-3-1, 60:15 minutes
Felix Sandstrom (OSB), 30 saves from 35 shots - (0.857), W, 1-2-2, 60:07 minutes
Players Stats for Philadelphia Phantoms
Player Name G A P +/- PIM S H SB GA TA FO MP PP MP PK MP
------------------------------------------------------------------------------------
Adam Ruzicka 1 0 1 0 0 2 1 0 1 0 2/2 12:30 6:20 0:00
Alexander Holtz 0 0 0 -3 0 1 1 0 0 2 0/0 9:33 0:00 1:00
Blake Lizotte 0 3 3 0 0 4 0 1 0 0 19/33 21:20 8:05 0:00
Brad Hunt 1 1 2 -1 0 1 1 3 0 1 0/0 22:23 8:46 1:22
Brandon Duhaime 0 0 0 0 0 0 0 0 0 0 0/0 7:53 0:00 0:59
Brett Murray 0 0 0 0 0 4 2 0 1 0 0/1 15:01 0:00 0:18
Carson Meyer 0 0 0 0 0 1 0 0 0 0 0/0 8:23 0:15 0:00
Casey Fitzgerald 0 0 0 -3 7 1 6 0 0 0 0/0 17:10 0:00 0:11
Erik Gustafsson 1 0 1 -2 0 2 1 2 2 0 0/0 26:32 8:46 0:37
Jacob Larsson 0 0 0 1 0 0 2 0 0 1 0/0 20:25 5:27 0:00
Jaret Anderson-Dolan 0 1 1 0 7 5 2 0 2 0 14/18 18:26 5:22 0:05
Mason Shaw 0 0 0 -3 0 2 2 0 1 1 4/6 14:58 1:26 0:58
Nathan Bastian 1 0 1 -1 5 1 1 1 1 0 0/0 19:07 6:58 0:00
Nick Cousins 1 1 2 1 0 4 1 0 4 1 0/0 21:04 7:53 0:00
Noah Juulsen 0 1 1 -1 0 0 3 0 0 1 0/0 18:57 5:27 0:51
Otto Koivula 0 0 0 -3 0 0 0 0 1 0 0/2 10:37 0:00 1:00
Tyson Foerster 0 0 0 1 0 4 1 0 1 0 1/2 19:02 6:20 0:00
William Borgen 0 0 0 0 0 3 2 1 0 0 0/0 15:24 0:00 1:19
Players Stats for Orlando Solar Bears
Player Name G A P +/- PIM S H SB GA TA FO MP PP MP PK MP
------------------------------------------------------------------------------------
Adam Beckman 0 0 0 0 5 2 4 0 0 0 1/1 10:36 0:51 0:00
Alex Turcotte 2 0 2 2 0 6 0 0 0 0 1/4 12:02 0:00 2:12
Artemi Kniazev 0 0 0 -1 8 0 1 1 0 2 0/0 18:43 0:54 3:29
Donovan Sebrango 0 0 0 0 0 0 2 0 0 1 0/0 16:09 0:00 7:13
Emilio Pettersen 0 2 2 2 0 3 0 0 0 0 0/0 8:49 0:00 0:00
Isaak Phillips 0 0 0 -1 0 1 0 0 0 2 0/0 20:19 0:54 5:29
Jamieson Rees 0 1 1 2 0 1 2 0 0 0 0/1 12:28 0:11 0:00
Jarred Tinordi 0 1 1 4 15 0 3 3 0 3 0/0 22:07 1:16 2:41
Jason Dickinson 2 1 3 1 0 5 1 1 1 1 11/35 22:37 1:08 8:07
John Leonard 1 1 2 0 0 4 3 1 1 0 1/2 15:42 1:08 1:13
Jordan Martinook 0 2 2 0 5 1 2 1 1 1 0/1 17:21 1:08 4:14
Linus Weissbach 0 0 0 0 0 1 1 2 1 0 0/0 10:09 0:11 0:00
Martin Pospisil 0 0 0 0 0 0 2 0 1 0 0/1 9:27 0:11 0:00
Max Gildon 0 0 0 0 0 0 0 2 0 0 0/0 14:12 0:00 0:50
Morgan Frost 0 1 1 1 0 7 0 4 0 0 6/10 19:34 0:51 7:51
Philip Tomasino 1 0 1 0 0 2 0 1 0 0 4/9 14:40 0:00 4:49
Valtteri Puustinen 0 0 0 0 0 1 0 0 2 0 0/0 11:35 0:51 0:00
Victor Soderstrom 0 1 1 4 0 2 2 2 0 4 0/0 30:05 1:16 8:44
3 Stars
1 - Jason Dickinson (OSB)
2 - Alex Turcotte (OSB)
3 - John Leonard (OSB)
Power Play
Philadelphia Phantoms - 3 on 9 Attempt(s) - 33.33%
Orlando Solar Bears - 1 on 2 Attempt(s) - 50.00%
Penalty Kill
Philadelphia Phantoms - 1 on 2 Attempt(s) - 50.00%
- Score 0 goal in Penalty Kill
Orlando Solar Bears - 6 on 9 Attempt(s) - 66.67%
- Score 0 goal in Penalty Kill
Team Stat
Philadelphia Phantoms - Hits : 26 - Faceoff Wins : 40 - Blocked Shots : 8 - Penalty Minutes : 19
Orlando Solar Bears - Hits : 23 - Faceoff Wins : 24 - Blocked Shots : 18 - Penalty Minutes : 33
Official
Referees : Trevor Hanson and Francois StLaurent
Linesman : Steve Barton and Ryan Gibbons
Game Notes
Jordan Martinook and Nathan Bastian fight to a draw at 16:51 of 2nd period
Jarred Tinordi and Casey Fitzgerald fight to a draw at 16:59 of 2nd period
Jaret Anderson-Dolan beats up Adam Beckman at 10:48 of 3rd period
Philadelphia Phantoms
5 vs 5 Forward
Center Left Wing Right Wing Time % Phy DF OF
1 Blake Lizotte Nick Cousins Tyson Foerster 35 0 1 4
2 Jaret Anderson-Dolan Brett Murray Nathan Bastian 35 0 1 4
3 Mason Shaw Otto Koivula Alexander Holtz 20 0 3 2
4 Adam Ruzicka Brandon Duhaime Carson Meyer 10 1 3 1
5 vs 5 Defense
Defense Defense Time % Phy DF OF
1 Erik Gustafsson Casey Fitzgerald 35 0 3 2
2 Jacob Larsson William Borgen 30 0 3 2
3 Brad Hunt Noah Juulsen 25 0 3 2
4 Erik Gustafsson Casey Fitzgerald 10 0 3 2
PowerPlay Forward
Center Left Wing Right Wing Time % Phy DF OF
1 Blake Lizotte Nick Cousins Nathan Bastian 60 0 1 4
2 Jaret Anderson-Dolan Adam Ruzicka Tyson Foerster 40 0 1 4
PowerPlay Defense
Defense Defense Time % Phy DF OF
1 Erik Gustafsson Brad Hunt 60 0 1 4
2 Noah Juulsen Jacob Larsson 40 0 1 4
Penalty Kill 4 Players Forward
Center Wing Time % Phy DF OF
1 Otto Koivula Alexander Holtz 50 0 4 1
2 Mason Shaw Brandon Duhaime 50 0 4 1
Penalty Kill 4 Players Defense
Defense Defense Time % Phy DF OF
1 Casey Fitzgerald William Borgen 55 0 4 1
2 Noah Juulsen Brad Hunt 45 0 4 1
Penalty Kill - 3 Players Forward
Forward Time % Phy DF OF
1 Alexander Holtz 50 0 5 0
2 Mason Shaw 50 0 5 0
Penalty Kill - 3 Players Defense
Defense Defense Time % Phy DF OF
1 Casey Fitzgerald William Borgen 55 0 5 0
2 Noah Juulsen Brad Hunt 45 0 5 0
4 vs 4 Forward
Center Wing Time % Phy DF OF
1 Blake Lizotte Nathan Bastian 50 0 2 3
2 Nick Cousins Jaret Anderson-Dolan 50 0 2 3
4 vs 4 Defense
Defense Defense Time % Phy DF OF
1 Erik Gustafsson Casey Fitzgerald 50 0 3 2
2 Jacob Larsson William Borgen 50 0 3 2
Last Minutes Offensive
Center Left Wing Right Wing Defense Defense
Blake Lizotte Nick Cousins Nathan Bastian Erik Gustafsson Brad Hunt
Last Minutes Defensive
Center Left Wing Right Wing Defense Defense
Mason Shaw Otto Koivula Alexander Holtz Casey Fitzgerald William Borgen
Goaltenders
Starting : Connor Ingram
Backup : Dereck Baribeau
Extra Forwards
Normal : Mason Shaw, Tyson Foerster, Brett Murray - PP : Mason Shaw, Tyson Foerster - PK : Brett Murray
Extra Defensemen
Normal : Jacob Larsson, Brad Hunt, William Borgen - PP : Jacob Larsson - PK : Brad Hunt, William Borgen
Penalty Shots
Nick Cousins, Jaret Anderson-Dolan, Tyson Foerster, Erik Gustafsson, Mason Shaw
Orlando Solar Bears
5 vs 5 Forward
Center Left Wing Right Wing Time % Phy DF OF
1 Jason Dickinson Jordan Martinook John Leonard 32 1 2 2
2 Morgan Frost Adam Beckman Valtteri Puustinen 27 1 2 2
3 Philip Tomasino Linus Weissbach Martin Pospisil 23 1 2 2
4 Alex Turcotte Emilio Pettersen Jamieson Rees 18 1 2 2
5 vs 5 Defense
Defense Defense Time % Phy DF OF
1 Victor Soderstrom Jarred Tinordi 40 1 2 2
2 Isaak Phillips Artemi Kniazev 30 1 2 2
3 Max Gildon Donovan Sebrango 20 1 2 2
4 Victor Soderstrom Jarred Tinordi 10 1 2 2
PowerPlay Forward
Center Left Wing Right Wing Time % Phy DF OF
1 Jason Dickinson Jordan Martinook John Leonard 60 1 2 2
2 Morgan Frost Adam Beckman Valtteri Puustinen 40 1 2 2
PowerPlay Defense
Defense Defense Time % Phy DF OF
1 Victor Soderstrom Jarred Tinordi 60 1 2 2
2 Isaak Phillips Artemi Kniazev 40 1 2 2
Penalty Kill 4 Players Forward
Center Wing Time % Phy DF OF
1 Jason Dickinson Morgan Frost 60 1 2 2
2 Philip Tomasino Jordan Martinook 40 1 2 2
Penalty Kill 4 Players Defense
Defense Defense Time % Phy DF OF
1 Victor Soderstrom Jarred Tinordi 60 1 2 2
2 Isaak Phillips Artemi Kniazev 40 1 2 2
Penalty Kill - 3 Players Forward
Forward Time % Phy DF OF
1 Jason Dickinson 60 1 2 2
2 Morgan Frost 40 1 2 2
Penalty Kill - 3 Players Defense
Defense Defense Time % Phy DF OF
1 Victor Soderstrom Jarred Tinordi 60 1 2 2
2 Isaak Phillips Artemi Kniazev 40 1 2 2
4 vs 4 Forward
Center Wing Time % Phy DF OF
1 Jason Dickinson Morgan Frost 60 1 2 2
2 Philip Tomasino Jordan Martinook 40 1 2 2
4 vs 4 Defense
Defense Defense Time % Phy DF OF
1 Victor Soderstrom Jarred Tinordi 60 1 2 2
2 Isaak Phillips Artemi Kniazev 40 1 2 2
Last Minutes Offensive
Center Left Wing Right Wing Defense Defense
Jason Dickinson Jordan Martinook John Leonard Victor Soderstrom Jarred Tinordi
Last Minutes Defensive
Center Left Wing Right Wing Defense Defense
Jason Dickinson Jordan Martinook John Leonard Victor Soderstrom Jarred Tinordi
Goaltenders
Starting : Felix Sandstrom
Backup : Filip Gustavsson
Extra Forwards
Normal : Jamieson Rees, Linus Weissbach, Alex Turcotte - PP : Jamieson Rees, Linus Weissbach - PK : Alex Turcotte
Extra Defensemen
Normal : Max Gildon, Donovan Sebrango, Isaak Phillips - PP : Max Gildon - PK : Donovan Sebrango, Isaak Phillips
Penalty Shots
Jason Dickinson, Morgan Frost, Philip Tomasino, Jordan Martinook, John Leonard
% Time on Ice - Philadelphia Phantoms
Lines # - Real PCT - Wanted PCT - Time Play
Normal Forward
1 - 28% - 35% - 12:04
2 - 37% - 35% - 16:06
3 - 19% - 20% - 8:02
4 - 16% - 10% - 6:54
Normal Defense
1 - 38% - 35% - 16:15
2 - 31% - 30% - 13:12
3 - 27% - 25% - 11:27
4 - 5% - 10% - 2:12
PP Forward
1 - 55% - 60% - 7:53
2 - 45% - 40% - 6:20
PP Defense
1 - 62% - 60% - 8:46
2 - 38% - 40% - 5:27
PK Forward
1 - 48% - 50% - 1:03
2 - 52% - 50% - 1:07
PK Defense
1 - 65% - 55% - 1:24
2 - 35% - 45% - 0:46
PK3 Forward
1 - 0% - 50%
2 - 0% - 50%
PK3 Defense
1 - 0% - 55%
2 - 0% - 45%
44 Forward
1 - 100% - 50% - 0:15
2 - 0% - 50% - 0:00
44 Defense
1 - 100% - 50% - 0:15
2 - 0% - 50% - 0:00
Last Minute Offensive - 0:00
Last Minute Defensive - 0:31
Total
Forward - 60:15
Defense - 60:15
|
% Time on Ice - Orlando Solar Bears
Lines # - Real PCT - Wanted PCT - Time Play
Normal Forward
1 - 30% - 32% - 13:01
2 - 28% - 27% - 12:08
3 - 21% - 23% - 9:08
4 - 20% - 18% - 8:49
Normal Defense
1 - 42% - 40% - 18:19
2 - 34% - 30% - 14:42
3 - 21% - 20% - 9:12
4 - 2% - 10% - 0:53
PP Forward
1 - 61% - 60% - 1:19
2 - 39% - 40% - 0:51
PP Defense
1 - 58% - 60% - 1:16
2 - 42% - 40% - 0:54
PK Forward
1 - 66% - 60% - 9:24
2 - 34% - 40% - 4:49
PK Defense
1 - 61% - 60% - 8:39
2 - 39% - 40% - 5:34
PK3 Forward
1 - 0% - 60%
2 - 0% - 40%
PK3 Defense
1 - 0% - 60%
2 - 0% - 40%
44 Forward
1 - 100% - 60% - 0:15
2 - 0% - 40% - 0:00
44 Defense
1 - 100% - 60% - 0:15
2 - 0% - 40% - 0:00
Last Minute Offensive - 0:31
Last Minute Defensive - 0:00
Total
Forward - 60:15
Defense - 60:15
|
Play-by-Play
1st period
0:01 of 1st period - Jason Dickinson wins face-off versus Blake Lizotte in neutral zone.
0:10 of 1st period - Snap shot by Jason Dickinson.
0:10 of 1st period - Shot Misses the Net.
0:12 of 1st period - Wrist shot by John Leonard.
0:12 of 1st period - Stopped by Connor Ingram with a rebound.
0:14 of 1st period - Backhand shot by Jarred Tinordi.
0:14 of 1st period - Shot Blocked by Erik Gustafsson.
0:16 of 1st period - Snap shot by John Leonard.
0:16 of 1st period - Deflect By Jason Dickinson.
0:16 of 1st period - Shot Blocked by Erik Gustafsson.
0:16 of 1st period - Puck is out of play.
0:17 of 1st period - Jaret Anderson-Dolan wins face-off versus Morgan Frost in Philadelphia Phantoms zone.
0:17 of 1st period - Jaret Anderson-Dolan is hit by Adam Beckman.
0:36 of 1st period - Minor Penalty to Jaret Anderson-Dolan for Holding.
0:37 of 1st period - Jason Dickinson wins face-off versus Otto Koivula in Philadelphia Phantoms zone.
0:45 of 1st period - Wrist shot by Jason Dickinson.
0:45 of 1st period - Stopped by Connor Ingram with a rebound.
0:47 of 1st period - Snap shot by John Leonard.
0:47 of 1st period - Goal by John Leonard - Philadelphia Phantoms : 0 - Orlando Solar Bears : 1.
0:48 of 1st period - Mason Shaw wins face-off versus Philip Tomasino in neutral zone.
1:15 of 1st period - Max Gildon is hit by Brad Hunt and loses puck.
1:20 of 1st period - Snap shot by Brandon Duhaime.
1:20 of 1st period - Shot Blocked by Max Gildon.
1:22 of 1st period - Backhand shot by Brandon Duhaime.
1:22 of 1st period - Deflect By Adam Ruzicka.
1:22 of 1st period - Shot Misses the Net.
1:22 of 1st period - Puck is out of play.
1:23 of 1st period - Tyson Foerster wins face-off versus Jason Dickinson in Orlando Solar Bears zone.
1:24 of 1st period - Snap shot by Nick Cousins.
1:24 of 1st period - Shot Misses the Net.
1:26 of 1st period - Wrist shot by Blake Lizotte.
1:26 of 1st period - Stopped by Felix Sandstrom with a rebound.
1:34 of 1st period - Snap shot by Blake Lizotte.
1:34 of 1st period - Stopped by Felix Sandstrom with a rebound.
1:36 of 1st period - Wrist shot by Blake Lizotte.
1:36 of 1st period - Shot Misses the Net.
1:38 of 1st period - Slapshot by Casey Fitzgerald.
1:38 of 1st period - Deflect By Blake Lizotte.
1:38 of 1st period - Shot Misses the Net.
1:38 of 1st period - Puck is out of play.
1:39 of 1st period - Jaret Anderson-Dolan wins face-off versus Alex Turcotte in Orlando Solar Bears zone.
1:43 of 1st period - Icing by Jarred Tinordi.
1:44 of 1st period - Alex Turcotte wins face-off versus Jaret Anderson-Dolan in Orlando Solar Bears zone.
1:44 of 1st period - Alex Turcotte is hit by Brett Murray.
1:55 of 1st period - Minor Penalty to Casey Fitzgerald for Interference.
1:56 of 1st period - Mason Shaw wins face-off versus John Leonard in Philadelphia Phantoms zone.
3:55 of 1st period - Penalty to Casey Fitzgerald is over, Casey Fitzgerald is back on ice.
3:58 of 1st period - Noah Juulsen is hit by Jarred Tinordi and loses puck.
4:11 of 1st period - Snap shot by Alex Turcotte.
4:11 of 1st period - Shot Misses the Net.
4:13 of 1st period - Snap shot by Alex Turcotte.
4:13 of 1st period - Stopped by Connor Ingram with a rebound.
4:37 of 1st period - Wrist shot by Nathan Bastian.
4:37 of 1st period - Deflect By Brett Murray.
4:37 of 1st period - Stopped by Felix Sandstrom with a rebound.
4:39 of 1st period - Wrist shot by Brett Murray.
4:39 of 1st period - Stopped by Felix Sandstrom with a rebound.
5:30 of 1st period - Morgan Frost is hit by Casey Fitzgerald and loses puck.
5:53 of 1st period - Jamieson Rees is hit by Jacob Larsson and loses puck.
6:04 of 1st period - Victor Soderstrom is hit by Brett Murray and loses puck.
6:23 of 1st period - Erik Gustafsson is hit by Donovan Sebrango and loses puck.
6:28 of 1st period - Slapshot by Emilio Pettersen.
6:28 of 1st period - Stopped by Connor Ingram without a rebound.
6:29 of 1st period - Blake Lizotte wins face-off versus Jason Dickinson in Philadelphia Phantoms zone.
6:44 of 1st period - Snap shot by Blake Lizotte.
6:44 of 1st period - Shot Misses the Net.
6:46 of 1st period - Minor Penalty to Jarred Tinordi for High sticking.
6:47 of 1st period - Blake Lizotte wins face-off versus Jason Dickinson in Orlando Solar Bears zone.
6:48 of 1st period - Slapshot by Nick Cousins.
6:48 of 1st period - Shot Misses the Net.
6:50 of 1st period - Snap shot by Blake Lizotte.
6:50 of 1st period - Stopped by Felix Sandstrom with a rebound.
6:52 of 1st period - Wrist shot by Blake Lizotte.
6:52 of 1st period - Shot Misses the Net.
6:54 of 1st period - Slapshot by Blake Lizotte.
6:54 of 1st period - Shot Misses the Net.
6:56 of 1st period - Slapshot by Erik Gustafsson.
6:56 of 1st period - Deflect By Nick Cousins.
6:56 of 1st period - Shot Misses the Net.
6:56 of 1st period - Puck is out of play.
6:57 of 1st period - Jason Dickinson wins face-off versus Blake Lizotte in Orlando Solar Bears zone.
7:10 of 1st period - Slapshot by Morgan Frost.
7:10 of 1st period - Stopped by Connor Ingram with a rebound.
8:22 of 1st period - Jacob Larsson is hit by John Leonard and loses puck.
8:46 of 1st period - Penalty to Jarred Tinordi is over, Jarred Tinordi is back on ice.
8:51 of 1st period - Morgan Frost is hit by Alexander Holtz and loses puck.
8:59 of 1st period - Off-side.
9:00 of 1st period - Philip Tomasino wins face-off versus Mason Shaw in neutral zone.
9:46 of 1st period - Wrist shot by Jaret Anderson-Dolan.
9:46 of 1st period - Deflect By Valtteri Puustinen.
9:46 of 1st period - Stopped by Felix Sandstrom with a rebound.
9:52 of 1st period - Morgan Frost is hit by William Borgen and loses puck.
10:20 of 1st period - Minor Penalty to Artemi Kniazev for Hooking.
10:21 of 1st period - Morgan Frost wins face-off versus Blake Lizotte in Orlando Solar Bears zone.
12:19 of 1st period - Blake Lizotte is hit by Jordan Martinook.
12:20 of 1st period - Penalty to Artemi Kniazev is over, Artemi Kniazev is back on ice.
12:43 of 1st period - Wrist shot by Otto Koivula.
12:43 of 1st period - Shot Blocked by Jarred Tinordi.
12:45 of 1st period - Wrist shot by Alexander Holtz.
12:45 of 1st period - Stopped by Felix Sandstrom with a rebound.
12:47 of 1st period - Wrist shot by Otto Koivula.
12:47 of 1st period - Shot Blocked by Victor Soderstrom.
13:30 of 1st period - Mason Shaw is hit by Linus Weissbach.
14:21 of 1st period - Jordan Martinook is hit by Casey Fitzgerald and loses puck.
14:34 of 1st period - Brandon Duhaime is hit by Martin Pospisil and loses puck.
14:49 of 1st period - Max Gildon is hit by Nick Cousins and loses puck.
15:11 of 1st period - Emilio Pettersen is hit by William Borgen and loses puck.
15:32 of 1st period - Wrist shot by Jaret Anderson-Dolan.
15:32 of 1st period - Stopped by Felix Sandstrom with a rebound.
15:48 of 1st period - William Borgen is hit by Adam Beckman and loses puck.
16:03 of 1st period - Minor Penalty to Jarred Tinordi for Holding.
16:04 of 1st period - Jaret Anderson-Dolan wins face-off versus Jason Dickinson in Orlando Solar Bears zone.
16:29 of 1st period - Snap shot by Blake Lizotte.
16:29 of 1st period - Stopped by Felix Sandstrom without a rebound.
16:30 of 1st period - Blake Lizotte wins face-off versus Jason Dickinson in Orlando Solar Bears zone.
16:45 of 1st period - Snap shot by Nick Cousins.
16:45 of 1st period - Stopped by Felix Sandstrom with a rebound.
17:01 of 1st period - Slapshot by Jacob Larsson.
17:01 of 1st period - Shot Misses the Net.
18:03 of 1st period - Penalty to Jarred Tinordi is over, Jarred Tinordi is back on ice.
18:29 of 1st period - Artemi Kniazev is hit by Jacob Larsson and loses puck.
18:48 of 1st period - Slapshot by Artemi Kniazev.
18:48 of 1st period - Shot Blocked by Blake Lizotte.
Goals for this period are 0 for Philadelphia Phantoms vs 1 for Orlando Solar Bears.
Shots for this period are 10 for Philadelphia Phantoms vs 6 for Orlando Solar Bears.
2nd period
0:01 of 2nd period - Jaret Anderson-Dolan wins face-off versus Jason Dickinson in neutral zone.
0:22 of 2nd period - Minor Penalty to Jarred Tinordi for Hooking.
0:23 of 2nd period - Jason Dickinson wins face-off versus Blake Lizotte in Orlando Solar Bears zone.
0:58 of 2nd period - Wrist shot by Tyson Foerster.
0:58 of 2nd period - Shot Blocked by Jordan Martinook.
2:22 of 2nd period - Penalty to Jarred Tinordi is over, Jarred Tinordi is back on ice.
2:39 of 2nd period - Alex Turcotte is hit by Erik Gustafsson and loses puck.
3:27 of 2nd period - Slapshot by Carson Meyer.
3:27 of 2nd period - Stopped by Felix Sandstrom without a rebound.
3:28 of 2nd period - Blake Lizotte wins face-off versus Philip Tomasino in Orlando Solar Bears zone.
3:35 of 2nd period - Snap shot by Nick Cousins.
3:35 of 2nd period - Stopped by Felix Sandstrom with a rebound.
3:56 of 2nd period - Snap shot by Emilio Pettersen.
3:56 of 2nd period - Shot Misses the Net.
3:58 of 2nd period - Wrist shot by Victor Soderstrom.
3:58 of 2nd period - Stopped by Connor Ingram with a rebound.
4:00 of 2nd period - Slapshot by Alex Turcotte.
4:00 of 2nd period - Goal by Alex Turcotte - Philadelphia Phantoms : 0 - Orlando Solar Bears : 2.
4:01 of 2nd period - Jaret Anderson-Dolan wins face-off versus Jason Dickinson in neutral zone.
4:27 of 2nd period - Nick Cousins is hit by Martin Pospisil and loses puck.
4:56 of 2nd period - Wrist shot by Morgan Frost.
4:56 of 2nd period - Shot Blocked by Brad Hunt.
4:58 of 2nd period - Slapshot by Adam Beckman.
4:58 of 2nd period - Shot Blocked by Brad Hunt.
5:00 of 2nd period - Wrist shot by Morgan Frost.
5:00 of 2nd period - Stopped by Connor Ingram with a rebound.
5:39 of 2nd period - Slapshot by Victor Soderstrom.
5:39 of 2nd period - Stopped by Connor Ingram with a rebound.
5:58 of 2nd period - Off-side.
5:59 of 2nd period - Philip Tomasino wins face-off versus Tyson Foerster in neutral zone.
6:12 of 2nd period - Wrist shot by Tyson Foerster.
6:12 of 2nd period - Stopped by Felix Sandstrom with a rebound.
6:14 of 2nd period - Wrist shot by Blake Lizotte.
6:14 of 2nd period - Shot Blocked by Linus Weissbach.
6:28 of 2nd period - Casey Fitzgerald is hit by Donovan Sebrango and loses puck.
6:49 of 2nd period - Wrist shot by Morgan Frost.
6:49 of 2nd period - Shot Misses the Net.
7:05 of 2nd period - Snap shot by Alex Turcotte.
7:05 of 2nd period - Deflect By Emilio Pettersen.
7:05 of 2nd period - Shot Misses the Net.
7:05 of 2nd period - Puck is out of play.
7:06 of 2nd period - Blake Lizotte wins face-off versus Alex Turcotte in Philadelphia Phantoms zone.
7:15 of 2nd period - Slapshot by Victor Soderstrom.
7:15 of 2nd period - Deflect By Emilio Pettersen.
7:15 of 2nd period - Shot Misses the Net.
7:15 of 2nd period - Puck is out of play.
7:16 of 2nd period - Jaret Anderson-Dolan wins face-off versus Jason Dickinson in Philadelphia Phantoms zone.
7:27 of 2nd period - Slapshot by Jaret Anderson-Dolan.
7:27 of 2nd period - Stopped by Felix Sandstrom with a rebound.
7:29 of 2nd period - Slapshot by William Borgen.
7:29 of 2nd period - Stopped by Felix Sandstrom with a rebound.
7:31 of 2nd period - Slapshot by Jaret Anderson-Dolan.
7:31 of 2nd period - Stopped by Felix Sandstrom without a rebound.
7:32 of 2nd period - Blake Lizotte wins face-off versus Philip Tomasino in Orlando Solar Bears zone.
7:33 of 2nd period - Slapshot by Nick Cousins.
7:33 of 2nd period - Shot Misses the Net.
7:57 of 2nd period - Erik Gustafsson is hit by Jarred Tinordi and loses puck.
9:16 of 2nd period - Noah Juulsen is hit by Victor Soderstrom and loses puck.
9:23 of 2nd period - Slapshot by Brad Hunt.
9:23 of 2nd period - Deflect By John Leonard.
9:23 of 2nd period - Goal by Brad Hunt - Philadelphia Phantoms : 1 - Orlando Solar Bears : 2.
9:24 of 2nd period - Jaret Anderson-Dolan wins face-off versus Jason Dickinson in neutral zone.
9:27 of 2nd period - Slapshot by Casey Fitzgerald.
9:27 of 2nd period - Deflect By Brett Murray.
9:27 of 2nd period - Stopped by Felix Sandstrom with a rebound.
9:39 of 2nd period - Erik Gustafsson is hit by John Leonard.
10:33 of 2nd period - Snap shot by Nathan Bastian.
10:33 of 2nd period - Shot Blocked by Max Gildon.
10:35 of 2nd period - Wrist shot by Brett Murray.
10:35 of 2nd period - Stopped by Felix Sandstrom with a rebound.
10:37 of 2nd period - Slapshot by William Borgen.
10:37 of 2nd period - Stopped by Felix Sandstrom without a rebound.
10:38 of 2nd period - Blake Lizotte wins face-off versus Jason Dickinson in Orlando Solar Bears zone.
10:59 of 2nd period - Minor Penalty to Artemi Kniazev for Slashing.
11:00 of 2nd period - Blake Lizotte wins face-off versus Jason Dickinson in Orlando Solar Bears zone.
11:01 of 2nd period - Snap shot by Nick Cousins.
11:01 of 2nd period - Shot Blocked by Morgan Frost.
11:03 of 2nd period - Wrist shot by Erik Gustafsson.
11:03 of 2nd period - Shot Blocked by Morgan Frost.
11:05 of 2nd period - Slapshot by Erik Gustafsson.
11:05 of 2nd period - Stopped by Felix Sandstrom with a rebound.
11:07 of 2nd period - Backhand shot by Nathan Bastian.
11:07 of 2nd period - Shot Misses the Net.
11:09 of 2nd period - Snap shot by Erik Gustafsson.
11:09 of 2nd period - Shot Blocked by Jarred Tinordi.
11:11 of 2nd period - Snap shot by Nathan Bastian.
11:11 of 2nd period - Deflect By Nick Cousins.
11:11 of 2nd period - Shot Blocked by Jarred Tinordi.
11:11 of 2nd period - Puck is out of play.
11:12 of 2nd period - Blake Lizotte wins face-off versus Jason Dickinson in Orlando Solar Bears zone.
11:13 of 2nd period - Slapshot by Nick Cousins.
11:13 of 2nd period - Stopped by Felix Sandstrom without a rebound.
11:14 of 2nd period - Blake Lizotte wins face-off versus Jason Dickinson in Orlando Solar Bears zone.
11:45 of 2nd period - Slapshot by Adam Ruzicka.
11:45 of 2nd period - Stopped by Felix Sandstrom with a rebound.
11:47 of 2nd period - Snap shot by Adam Ruzicka.
11:47 of 2nd period - Shot Misses the Net.
11:49 of 2nd period - Slapshot by Erik Gustafsson.
11:49 of 2nd period - Shot Blocked by Philip Tomasino.
12:59 of 2nd period - Penalty to Artemi Kniazev is over, Artemi Kniazev is back on ice.
14:19 of 2nd period - Donovan Sebrango is hit by Tyson Foerster and loses puck.
14:38 of 2nd period - Snap shot by Mason Shaw.
14:38 of 2nd period - Stopped by Felix Sandstrom with a rebound.
14:58 of 2nd period - Wrist shot by John Leonard.
14:58 of 2nd period - Shot Misses the Net.
15:00 of 2nd period - Snap shot by Jason Dickinson.
15:00 of 2nd period - Stopped by Connor Ingram with a rebound.
15:02 of 2nd period - Snap shot by Jason Dickinson.
15:02 of 2nd period - Stopped by Connor Ingram with a rebound.
15:04 of 2nd period - Snap shot by Jordan Martinook.
15:04 of 2nd period - Shot Blocked by Brad Hunt.
15:41 of 2nd period - Martin Pospisil is hit by Casey Fitzgerald and loses puck.
16:14 of 2nd period - Icing by Victor Soderstrom.
16:15 of 2nd period - Adam Ruzicka wins face-off versus Alex Turcotte in Orlando Solar Bears zone.
16:16 of 2nd period - Snap shot by Brandon Duhaime.
16:16 of 2nd period - Shot Misses the Net.
16:22 of 2nd period - Wrist shot by Emilio Pettersen.
16:22 of 2nd period - Shot Misses the Net.
16:24 of 2nd period - Wrist shot by Emilio Pettersen.
16:24 of 2nd period - Stopped by Connor Ingram with a rebound.
16:34 of 2nd period - Wrist shot by Alex Turcotte.
16:34 of 2nd period - Goal by Alex Turcotte - Philadelphia Phantoms : 1 - Orlando Solar Bears : 3.
16:35 of 2nd period - Jaret Anderson-Dolan wins face-off versus Jason Dickinson in neutral zone.
16:51 of 2nd period - Jordan Martinook and Nathan Bastian fight to a draw.
16:51 of 2nd period - Penalty to Jordan Martinook for Fighting.
16:51 of 2nd period - Penalty to Nathan Bastian for Fighting.
16:52 of 2nd period - John Leonard wins face-off versus Jaret Anderson-Dolan in Orlando Solar Bears zone.
16:57 of 2nd period - Casey Fitzgerald is hit by John Leonard and loses puck.
16:59 of 2nd period - Jarred Tinordi and Casey Fitzgerald fight to a draw.
16:59 of 2nd period - Penalty to Jarred Tinordi for Fighting.
16:59 of 2nd period - Penalty to Casey Fitzgerald for Fighting.
17:00 of 2nd period - Jaret Anderson-Dolan wins face-off versus Jamieson Rees in Philadelphia Phantoms zone.
17:00 of 2nd period - Jaret Anderson-Dolan is hit by Jamieson Rees.
17:06 of 2nd period - Wrist shot by Jaret Anderson-Dolan.
17:06 of 2nd period - Deflect By Mason Shaw.
17:06 of 2nd period - Shot Misses the Net.
17:06 of 2nd period - Puck is out of play.
17:07 of 2nd period - Jason Dickinson wins face-off versus Mason Shaw in Orlando Solar Bears zone.
17:07 of 2nd period - Jason Dickinson is hit by Mason Shaw.
17:24 of 2nd period - Off-side.
17:25 of 2nd period - Morgan Frost wins face-off versus Blake Lizotte in neutral zone.
17:56 of 2nd period - Jamieson Rees is hit by Noah Juulsen and loses puck.
18:13 of 2nd period - Snap shot by Mason Shaw.
18:13 of 2nd period - Stopped by Felix Sandstrom without a rebound.
18:14 of 2nd period - Adam Ruzicka wins face-off versus Philip Tomasino in Orlando Solar Bears zone.
18:27 of 2nd period - Slapshot by Erik Gustafsson.
18:27 of 2nd period - Shot Blocked by Linus Weissbach.
18:29 of 2nd period - Snap shot by Adam Ruzicka.
18:29 of 2nd period - Shot Misses the Net.
18:35 of 2nd period - Minor Penalty to Artemi Kniazev for High sticking.
18:36 of 2nd period - Blake Lizotte wins face-off versus Jason Dickinson in Orlando Solar Bears zone.
19:03 of 2nd period - Victor Soderstrom is hit by Jaret Anderson-Dolan.
19:09 of 2nd period - Wrist shot by Tyson Foerster.
19:09 of 2nd period - Shot Misses the Net.
19:11 of 2nd period - Snap shot by Adam Ruzicka.
19:11 of 2nd period - Shot Misses the Net.
19:13 of 2nd period - Snap shot by Tyson Foerster.
19:13 of 2nd period - Stopped by Felix Sandstrom with a rebound.
Goals for this period are 1 for Philadelphia Phantoms vs 2 for Orlando Solar Bears.
Shots for this period are 16 for Philadelphia Phantoms vs 8 for Orlando Solar Bears.
3rd period
0:01 of 3rd period - Blake Lizotte wins face-off versus Jason Dickinson in neutral zone.
0:04 of 3rd period - Wrist shot by Erik Gustafsson.
0:04 of 3rd period - Goal by Erik Gustafsson - Philadelphia Phantoms : 2 - Orlando Solar Bears : 3.
0:05 of 3rd period - Jason Dickinson wins face-off versus Blake Lizotte in neutral zone.
0:32 of 3rd period - Mason Shaw is hit by Adam Beckman and loses puck.
0:37 of 3rd period - Wrist shot by Morgan Frost.
0:37 of 3rd period - Shot Misses the Net.
1:19 of 3rd period - Icing by Artemi Kniazev.
1:20 of 3rd period - Philip Tomasino wins face-off versus Blake Lizotte in Orlando Solar Bears zone.
1:33 of 3rd period - Snap shot by Nick Cousins.
1:33 of 3rd period - Goal by Nick Cousins - Philadelphia Phantoms : 3 - Orlando Solar Bears : 3.
1:34 of 3rd period - Jaret Anderson-Dolan wins face-off versus Jason Dickinson in neutral zone.
1:43 of 3rd period - Wrist shot by Jaret Anderson-Dolan.
1:43 of 3rd period - Shot Misses the Net.
1:45 of 3rd period - Slapshot by William Borgen.
1:45 of 3rd period - Stopped by Felix Sandstrom with a rebound.
1:47 of 3rd period - Wrist shot by Jaret Anderson-Dolan.
1:47 of 3rd period - Stopped by Felix Sandstrom with a rebound.
1:49 of 3rd period - Slapshot by Brett Murray.
1:49 of 3rd period - Deflect By Mason Shaw.
1:49 of 3rd period - Shot Misses the Net.
1:49 of 3rd period - Puck is out of play.
1:50 of 3rd period - Blake Lizotte wins face-off versus Morgan Frost in Orlando Solar Bears zone.
1:59 of 3rd period - Snap shot by Nick Cousins.
1:59 of 3rd period - Shot Blocked by Victor Soderstrom.
2:02 of 3rd period - Icing by Morgan Frost.
2:03 of 3rd period - Jaret Anderson-Dolan wins face-off versus Morgan Frost in Orlando Solar Bears zone.
2:12 of 3rd period - Morgan Frost is hit by Casey Fitzgerald and loses puck.
2:25 of 3rd period - Snap shot by Adam Beckman.
2:25 of 3rd period - Stopped by Connor Ingram with a rebound.
2:28 of 3rd period - Icing by Brett Murray.
2:29 of 3rd period - Jaret Anderson-Dolan wins face-off versus Jason Dickinson in Philadelphia Phantoms zone.
2:34 of 3rd period - Slapshot by Erik Gustafsson.
2:34 of 3rd period - Shot Misses the Net.
2:36 of 3rd period - Slapshot by Casey Fitzgerald.
2:36 of 3rd period - Stopped by Felix Sandstrom with a rebound.
2:38 of 3rd period - Slapshot by Erik Gustafsson.
2:38 of 3rd period - Shot Blocked by John Leonard.
2:40 of 3rd period - Minor Penalty to Artemi Kniazev for Roughing.
2:41 of 3rd period - Jason Dickinson wins face-off versus Blake Lizotte in Orlando Solar Bears zone.
2:56 of 3rd period - Wrist shot by Blake Lizotte.
2:56 of 3rd period - Deflect By Nathan Bastian.
2:56 of 3rd period - Goal by Nathan Bastian - Philadelphia Phantoms : 4 - Orlando Solar Bears : 3.
2:57 of 3rd period - Blake Lizotte wins face-off versus Jason Dickinson in neutral zone.
3:04 of 3rd period - Backhand shot by John Leonard.
3:04 of 3rd period - Shot Blocked by William Borgen.
3:15 of 3rd period - Icing by Tyson Foerster.
3:16 of 3rd period - Morgan Frost wins face-off versus Blake Lizotte in Philadelphia Phantoms zone.
3:17 of 3rd period - Snap shot by Valtteri Puustinen.
3:17 of 3rd period - Stopped by Connor Ingram without a rebound.
3:18 of 3rd period - Morgan Frost wins face-off versus Blake Lizotte in Philadelphia Phantoms zone.
3:32 of 3rd period - Wrist shot by Adam Beckman.
3:32 of 3rd period - Stopped by Connor Ingram with a rebound.
3:34 of 3rd period - Wrist shot by Morgan Frost.
3:34 of 3rd period - Stopped by Connor Ingram without a rebound.
3:35 of 3rd period - Jason Dickinson wins face-off versus Jaret Anderson-Dolan in Philadelphia Phantoms zone.
3:36 of 3rd period - Backhand shot by John Leonard.
3:36 of 3rd period - Stopped by Connor Ingram with a rebound.
5:09 of 3rd period - Jordan Martinook is hit by Jaret Anderson-Dolan and loses puck.
5:27 of 3rd period - Donovan Sebrango is hit by Noah Juulsen and loses puck.
5:56 of 3rd period - Slapshot by Linus Weissbach.
5:56 of 3rd period - Shot Misses the Net.
6:12 of 3rd period - Emilio Pettersen is hit by Noah Juulsen and loses puck.
6:34 of 3rd period - Snap shot by Jordan Martinook.
6:34 of 3rd period - Stopped by Connor Ingram without a rebound.
6:35 of 3rd period - Morgan Frost wins face-off versus Blake Lizotte in Philadelphia Phantoms zone.
8:02 of 3rd period - Brandon Duhaime is hit by Victor Soderstrom.
8:08 of 3rd period - Wrist shot by Morgan Frost.
8:08 of 3rd period - Stopped by Connor Ingram without a rebound.
8:09 of 3rd period - Adam Beckman wins face-off versus Brett Murray in Philadelphia Phantoms zone.
8:10 of 3rd period - Snap shot by Morgan Frost.
8:10 of 3rd period - Stopped by Connor Ingram with a rebound.
8:18 of 3rd period - William Borgen is hit by Adam Beckman and loses puck.
8:25 of 3rd period - Morgan Frost is hit by Nathan Bastian and loses puck.
8:36 of 3rd period - Wrist shot by Morgan Frost.
8:36 of 3rd period - Stopped by Connor Ingram without a rebound.
8:37 of 3rd period - Blake Lizotte wins face-off versus Jason Dickinson in Philadelphia Phantoms zone.
8:37 of 3rd period - Blake Lizotte is hit by Jordan Martinook.
8:43 of 3rd period - Backhand shot by Brad Hunt.
8:43 of 3rd period - Shot Misses the Net.
8:45 of 3rd period - Minor Penalty to Jarred Tinordi for Slashing.
8:46 of 3rd period - Jason Dickinson wins face-off versus Blake Lizotte in Orlando Solar Bears zone.
8:55 of 3rd period - Slapshot by Erik Gustafsson.
8:55 of 3rd period - Shot Blocked by Jason Dickinson.
9:19 of 3rd period - Slapshot by Adam Ruzicka.
9:19 of 3rd period - Goal by Adam Ruzicka - Philadelphia Phantoms : 5 - Orlando Solar Bears : 3.
9:20 of 3rd period - Blake Lizotte wins face-off versus Jason Dickinson in neutral zone.
9:31 of 3rd period - Snap shot by Nick Cousins.
9:31 of 3rd period - Shot Misses the Net.
9:33 of 3rd period - Wrist shot by Tyson Foerster.
9:33 of 3rd period - Stopped by Felix Sandstrom with a rebound.
9:35 of 3rd period - Slapshot by Erik Gustafsson.
9:35 of 3rd period - Deflect By Nick Cousins.
9:35 of 3rd period - Shot Misses the Net.
9:35 of 3rd period - Puck is out of play.
9:36 of 3rd period - Morgan Frost wins face-off versus Jaret Anderson-Dolan in Orlando Solar Bears zone.
9:41 of 3rd period - Slapshot by Victor Soderstrom.
9:41 of 3rd period - Shot Misses the Net.
9:51 of 3rd period - Wrist shot by Jaret Anderson-Dolan.
9:51 of 3rd period - Shot Misses the Net.
10:01 of 3rd period - Blake Lizotte is hit by Jason Dickinson.
10:22 of 3rd period - Slapshot by Philip Tomasino.
10:22 of 3rd period - Shot Misses the Net.
10:24 of 3rd period - Wrist shot by Philip Tomasino.
10:24 of 3rd period - Shot Misses the Net.
10:26 of 3rd period - Wrist shot by Philip Tomasino.
10:26 of 3rd period - Goal by Philip Tomasino - Philadelphia Phantoms : 5 - Orlando Solar Bears : 4.
10:27 of 3rd period - Jaret Anderson-Dolan wins face-off versus Jordan Martinook in neutral zone.
10:41 of 3rd period - Icing by Casey Fitzgerald.
10:42 of 3rd period - Jaret Anderson-Dolan wins face-off versus Morgan Frost in Philadelphia Phantoms zone.
10:48 of 3rd period - Jaret Anderson-Dolan beats up Adam Beckman.
10:48 of 3rd period - Penalty to Adam Beckman for Fighting.
10:48 of 3rd period - Penalty to Jaret Anderson-Dolan for Fighting.
10:49 of 3rd period - Blake Lizotte wins face-off versus Jason Dickinson in Orlando Solar Bears zone.
11:16 of 3rd period - Valtteri Puustinen is hit by Mason Shaw and loses puck.
11:23 of 3rd period - Erik Gustafsson is hit by Artemi Kniazev and loses puck.
11:45 of 3rd period - Snap shot by Brandon Duhaime.
11:45 of 3rd period - Deflect By Adam Ruzicka.
11:45 of 3rd period - Shot Blocked by Artemi Kniazev.
11:45 of 3rd period - Puck is out of play.
11:46 of 3rd period - Jason Dickinson wins face-off versus Blake Lizotte in Orlando Solar Bears zone.
12:35 of 3rd period - Minor Penalty to Jarred Tinordi for Slashing.
12:36 of 3rd period - Jason Dickinson wins face-off versus Blake Lizotte in Orlando Solar Bears zone.
13:10 of 3rd period - Wrist shot by Tyson Foerster.
13:10 of 3rd period - Stopped by Felix Sandstrom without a rebound.
13:11 of 3rd period - Blake Lizotte wins face-off versus Philip Tomasino in Orlando Solar Bears zone.
13:40 of 3rd period - Snap shot by Adam Ruzicka.
13:40 of 3rd period - Shot Blocked by Morgan Frost.
13:42 of 3rd period - Snap shot by Mason Shaw.
13:42 of 3rd period - Shot Misses the Net.
13:44 of 3rd period - Wrist shot by Erik Gustafsson.
13:44 of 3rd period - Shot Blocked by Morgan Frost.
14:35 of 3rd period - Penalty to Jarred Tinordi is over, Jarred Tinordi is back on ice.
14:55 of 3rd period - Snap shot by Isaak Phillips.
14:55 of 3rd period - Deflect By Otto Koivula.
14:55 of 3rd period - Stopped by Connor Ingram with a rebound.
14:57 of 3rd period - Wrist shot by Linus Weissbach.
14:57 of 3rd period - Shot Misses the Net.
16:33 of 3rd period - Valtteri Puustinen is hit by Casey Fitzgerald and loses puck.
17:17 of 3rd period - Jason Dickinson is hit by Adam Ruzicka and loses puck.
17:42 of 3rd period - Otto Koivula is hit by Jamieson Rees and loses puck.
18:07 of 3rd period - Wrist shot by Philip Tomasino.
18:07 of 3rd period - Stopped by Connor Ingram without a rebound.
18:08 of 3rd period - Philip Tomasino wins face-off versus Otto Koivula in Philadelphia Phantoms zone.
18:09 of 3rd period - Wrist shot by Linus Weissbach.
18:09 of 3rd period - Stopped by Connor Ingram with a rebound.
18:23 of 3rd period - Wrist shot by Morgan Frost.
18:23 of 3rd period - Stopped by Connor Ingram with a rebound.
18:39 of 3rd period - Slapshot by Emilio Pettersen.
18:39 of 3rd period - Stopped by Connor Ingram with a rebound.
18:41 of 3rd period - Wrist shot by Jamieson Rees.
18:41 of 3rd period - Stopped by Connor Ingram with a rebound.
18:43 of 3rd period - Slapshot by Alex Turcotte.
18:43 of 3rd period - Stopped by Connor Ingram with a rebound.
18:45 of 3rd period - Snap shot by Alex Turcotte.
18:45 of 3rd period - Stopped by Connor Ingram with a rebound.
18:47 of 3rd period - Snap shot by Alex Turcotte.
18:47 of 3rd period - Stopped by Connor Ingram without a rebound.
18:48 of 3rd period - Jared Bednar call a timeout for Orlando Solar Bears.
18:48 of 3rd period - Mason Shaw wins face-off versus Jason Dickinson in Philadelphia Phantoms zone.
18:48 of 3rd period - Mason Shaw is hit by Jarred Tinordi.
19:10 of 3rd period - Orlando Solar Bears, Felix Sandstrom is pulled from the net.
19:16 of 3rd period - Wrist shot by Jason Dickinson.
19:16 of 3rd period - Deflect By John Leonard.
19:16 of 3rd period - Stopped by Connor Ingram with a rebound.
19:18 of 3rd period - Wrist shot by Jason Dickinson.
19:18 of 3rd period - Goal by Jason Dickinson - Philadelphia Phantoms : 5 - Orlando Solar Bears : 5.
19:18 of 3rd period - Felix Sandstrom from Orlando Solar Bears was sent back in the game.
19:19 of 3rd period - Mason Shaw wins face-off versus Martin Pospisil in neutral zone.
19:44 of 3rd period - Jarred Tinordi is hit by Casey Fitzgerald and loses puck.
Goals for this period are 4 for Philadelphia Phantoms vs 2 for Orlando Solar Bears.
Shots for this period are 9 for Philadelphia Phantoms vs 21 for Orlando Solar Bears.
Overtime #1
0:01 of 1st overtime period - Blake Lizotte wins face-off versus Jason Dickinson in neutral zone.
0:13 of 1st overtime period - Wrist shot by Jason Dickinson.
0:13 of 1st overtime period - Shot Blocked by Nathan Bastian.
0:15 of 1st overtime period - Snap shot by Jason Dickinson.
0:15 of 1st overtime period - Goal by Jason Dickinson - Philadelphia Phantoms : 5 - Orlando Solar Bears : 6.
Goals for this period are 0 for Philadelphia Phantoms vs 1 for Orlando Solar Bears.
Shots for this period are 0 for Philadelphia Phantoms vs 1 for Orlando Solar Bears.
Back to the Top